 Dungeon Crawl Stone Soup version 0.25-a0-1119-g28b6fd0c3b (webtiles) character file.

Game seed: 5791407764839047880, levelgen mode: classic

23638 Amnesiac the Covert (level 12, 0/92 HPs)
             Began as a Vampire Earth Elementalist on May 17, 2020.
             Was the Champion of Dithmenos.
             Slain by a hell hound (2 damage)
             ... led by Azrael
             ... on level 2 of the Orcish Mines.
             The game lasted 00:38:59 (11779 turns).

Amnesiac the Covert (Vampire Earth Elementalist)   Turns: 11779, Time: 00:39:00

Health: 0/92       AC: 12    Str:  7    XL:     12   Next: 73%
Magic:  30/30      EV: 18    Int: 22    God:    Dithmenos [******]
Gold:   944        SH:  0    Dex: 15    Spells: 5/24 levels left

rFire    + . .     SeeInvis +   a - +4 dagger (flame)
rCold    . . .     Gourm    .   (no shield)
rNeg     . . .     Faith    .   F - +0 troll leather armour
rPois    .         Spirit   .   r - +2 helmet
rElec    .         Reflect  .   J - +1 cloak {MR+}
rCorr    .         Harm     .   O - +0 pair of gloves
MR       ++...                  E - +1 pair of boots {run}
Stlth    +++++++++.             L - amulet of magic regeneration
HPRegen  0.85/turn              w - ring of magical power
MPRegen  0.47/turn              t - ring of protection from fire

@: marked, regenerating quickly, wreathed by umbra, quick
A: no food, fangs 3, see invisible, unbreathing
a: Exsanguinate, Shadow Step, Shadow Form, Renounce Religion


You were on level 2 of the Orcish Mines.
You worshipped Dithmenos.
Dithmenos was exalted by your worship.
You were alive.

You visited 2 branches of the dungeon, and saw 14 of its levels.
You also visited: Sewer.

You collected 1235 gold pieces.
You spent 291 gold pieces at shops.

Inventory:

Hand Weapons
 a - a +4 dagger of flaming (weapon)
 b - the +4 rapier of Fortitude {drain, rElec}
   (You found it on level 8 of the Dungeon)

   A truly terrible weapon, it drains the life of those it strikes.
   It insulates you from electricity.
Missiles
 d - 250 stones (quivered)
 o - 9 curare-tipped darts
Armour
 r - a +2 helmet (worn)
 E - a +1 pair of boots of running (worn)
 F - a +0 troll leather armour (worn)
 J - a +1 cloak of magic resistance (worn)
 O - a +0 pair of gloves (worn)
Magical Staves
 c - an uncursed staff of wizardry {!a}
Jewellery
 g - an uncursed amulet of the acrobat
 t - a ring of protection from fire (right hand)
 v - an uncursed ring of protection from magic
 w - a ring of magical power (left hand)
 L - an amulet of magic regeneration (around neck)
 M - an uncursed ring of flight
Wands
 i - a wand of iceblast (11)
 B - a wand of digging (3)
 C - a wand of flame (32)
 H - a wand of disintegration (10)
 I - a wand of acid (5)
Scrolls
 e - a scroll of fog {!r}
 k - 5 scrolls of magic mapping {!r}
 p - 6 scrolls of teleportation {!r}
 s - a scroll of identify {!r}
 u - a scroll of enchant weapon {!r}
 A - a scroll of silence {!r}
 G - 2 scrolls of remove curse {!r}
Potions
 f - a potion of stabbing {!q}
 h - a potion of magic {!q, unknown}
 j - a potion of cancellation {!q, unknown}
 l - 2 potions of flight {!q, unknown}
 m - 3 potions of might {!q, unknown}
 n - 2 potions of heal wounds {!q}
 q - 6 potions of curing {!q}
 x - a potion of lignification {!q}
 z - a potion of mutation {!q}
 D - a potion of haste {!q}
 N - 2 potions of brilliance {!q, unknown}
Miscellaneous
 K - a tin of tremorstones (3/3)


   Skills:
 - Level 8.0 Fighting
 - Level 8.0 Short Blades
 - Level 10.0 Dodging
 + Level 13.9 Stealth
 - Level 6.5 Spellcasting
 - Level 2.0 Transmutations
 * Level 11.0 Earth Magic
 + Level 2.8 Invocations
 + Level 2.8 Evocations


You had 5 spell levels left.
You knew the following spells:

 Your Spells              Type           Power        Failure   Level  Hunger
a - Sandblast             Erth           ######       1%          1    N/A
b - Passwall              Tmut/Erth      #####...     1%          2    N/A
d - Lee's Rapid Deconstr  Erth           ######....   4%          5    N/A
e - Petrify               Tmut/Erth      #####...     9%          4    N/A
f - Mephitic Cloud        Conj/Pois/Air  #.......     36%         3    N/A
g - Call Imp              Summ           #.......     21%         2    N/A
v - Blink                 Tloc           N/A          21%         2    N/A

Your spell library contained the following spells:

 Spells                   Type           Power        Failure   Level  Hunger
 Stone Arrow              Conj/Erth      ####..       4%          3    N/A
 Animate Skeleton         Necr           N/A          13%         1    N/A
 Apportation              Tloc           #.....       13%         1    N/A
 Corona                   Hex            #......      13%         1    N/A
 Magic Dart               Conj           #...         13%         1    N/A
 Summon Small Mammal      Summ           #...         13%         1    N/A
 Searing Ray              Conj           #.....       21%         2    N/A
 Slow                     Hex            #.......     21%         2    N/A
 Call Canine Familiar     Summ           #.......     36%         3    N/A
 Conjure Flame            Conj/Fire      #.......     36%         3    N/A
 Dazzling Flash           Conj/Hex       #.....       36%         3    N/A
 Summon Guardian Golem    Hex/Summ       #.......     36%         3    N/A
 Bolt of Magma            Conj/Fire/Erth ###.......   63%         5    N/A
 Fulminant Prism          Conj/Hex       #.........   78%         4    N/A
 Iskenderun's Mystic Bla  Conj/Tloc      #.......     78%         4    N/A
 Summon Ice Beast         Ice/Summ       #.......     78%         4    N/A
 Summon Lightning Spire   Summ/Air       #.......     78%         4    N/A
 Iskenderun's Battlesphe  Conj/Chrm      #.......     98%         5    N/A
 Iron Shot                Conj/Erth      ####......   91%         6    N/A
 Orb of Destruction       Conj           #.........   100%        7    N/A
 Spellforged Servitor     Conj/Summ      #.........   100%        7    N/A

Dungeon Overview and Level Annotations

Branches:
Dungeon (12/15)            Temple (0/1) D:7            Lair (0/6) D:10
    Orc (2/2) D:12          Sewer (visited)
    Elf: Orc:2

Altars:
Cheibriados
Dithmenos
Elyvilon
Fedhas
Gozag
Makhleb
Okawaru
Sif Muna
Trog

Shops:
D:5 [

Annotations:
D:11 2 runed translucent doors, Nouletel's ghost, journeyman FoAK


Innate Abilities, Weirdness & Mutations

You do not eat.
Your natural rate of healing is unusually fast.
You have razor-sharp teeth.
You have supernaturally acute eyesight. (SInv)
You can survive without breathing.


Message History

The hell hound breathes flames at you.
The blast of flame hits the fire elemental.
The fire elemental completely resists.
The blast of flame hits you! You resist.
* * * LOW HITPOINT WARNING * * *
The fire elemental closely misses you.
The ogre mage points at the ogre and mumbles some strange words.
The orc wizard casts a spell.
The orc wizard seems to speed up.
A gnoll comes into view. It is wielding a +0 halberd.
The orc wizard gestures wildly while chanting.
The orc wizard blinks!
The ogre mage casts a spell at the two-headed ogre.
The two-headed ogre seems to speed up.
An ogre mage comes into view.
Really quaff
n - 3 potions of heal wounds {!q}?
You feel much better. The ogre misses you.
Cornered, the gnoll turns to fight!
The ogre mage casts a spell.
The ogre mage blinks!
The two-headed ogre closely misses you.
The two-headed ogre hits you with a +0 giant spiked club!
* * * LOW HITPOINT WARNING * * *
The orc wizard barely misses you.
A two-headed ogre comes into view.
It is wielding a -1 giant club and a +0 giant club.
An orc warrior comes into view. It is wielding a +0 battleaxe.
The fire elemental hits you. The fire elemental burns you! You resist.
* * * LOW HITPOINT WARNING * * *
An ogre comes into view. It is wielding a +0 giant club.
The orc wizard hits you but does no damage.
You are poisoned.
The gnoll shaman calls upon its god to speed up the gnoll.
The gnoll seems to speed up.
A two-headed ogre comes into view.
It is wielding a +0 giant club and a +0 dire flail.
You feel sick. The hell hound bites you.
* * * LOW HITPOINT WARNING * * *
The orc wizard misses you.
The two-headed ogre completely misses you.
The two-headed ogre closely misses you. The gnoll hits you but does no damage.
The hell hound bites you but does no damage.
The gnoll shaman barely misses you. The orc wizard completely misses you.
You feel sick. The gnoll misses you.
Evoke which item? (* to show all) (? for menu, Esc to quit)
Aiming: Dig
Press: ? - help, Shift-Dir - straight line A rock wall.
This square is wreathed by an umbra.
The rock shatters into small pieces.
The ogre mage casts a spell.
The ogre mage blinks!
The orc wizard hits you but does no damage.
You are more poisoned.
The gnoll hits you but does no damage. The hell hound bites you!
* * * LOW HITPOINT WARNING * * *
The gnoll completely misses you.
A warg comes into view.
You feel sick.
The gnoll hits you from afar with a +0 spear.
* * * LOW HITPOINT WARNING * * *
The hell hound bites you.
* * * LOW HITPOINT WARNING * * *
Really quaff
q - 7 potions of curing {!q}?
You feel better.
The gnoll hits you from afar with a +0 spear.
* * * LOW HITPOINT WARNING * * *
The hell hound bites you.
You die...

..O.O.####.###...........#..#..
....$.#o#○E.................##.
....o..Oh#☼....h##.........#...
......OOO○##...####.......#....
.§.....°○O#°°.g.# ###.#...#....
..O...O°°hEEOE..## #.##.......
.....#.○☼OoOggg.# ###........
.......###O.#h#.## #.......<
....... #####@## ##.......
....... ##.# #......## ○.....#
#.# ##....## E....# #.# ####.#
#..## #.# ### ... #.# #.# ##


You could see 4 two-headed ogres, an ogre mage, 3 fire elementals, 2 hell
hounds, an ogre (fast), a gnoll shaman, an orc wizard (fast) and a gnoll (fast).

Vanquished Creatures
  An orc warlord (Orc:1)
  Nessos (D:12)
  Azrael (Orc:2)
  Erolcha (D:12)
  A hydra (D:8)
  A two-headed ogre (D:11)
  A centaur warrior (D:12)
  The ghost of Thantalas the Spear-Bearer, a novice MfBe of Trog (D:11)
  An unseen horror (D:10)
  3 ugly things (D:11)
  A deep elf mage (D:12)
  2 orc knights (Orc:1)
  An orc sorcerer (Orc:1)
  2 cyclopes
  An oklob plant (D:4)
  Maurice (D:9)
  Joseph (D:9)
  5 trolls
  A hornet (D:11)
  2 hippogriffs
  4 water elementals (D:12)
  2 wyverns
  4 spriggans (D:11)
  A vampire (D:12)
  A wraith (D:10)
  4 yaks (D:8)
  Eustachio (D:5)
  2 hungry ghosts
  4 wargs (Orc:1)
  A hell hound (Orc:2)
  A water moccasin (D:11)
  13 orc warriors
  A black bear (D:11)
  2 ice beasts (D:8)
  2 sky beasts
  A necrophage (D:6)
  5 ogres
  An eye of draining (D:7)
  3 phantoms
  6 centaurs
  2 big kobolds (Sewer)
  7 bullfrogs
  A wyvern zombie (D:11)
  2 scorpions
  A water moccasin skeleton (D:11)
  15 killer bees
  8 wights
  2 howler monkeys
  2 crimson imps
  3 centaur zombies
  6 jellies
  6 orc priests
  2 bullfrog skeletons
  4 hounds
  A centaur skeleton (D:10)
  10 worker ants
  2 iguanas
  15 orc wizards
  A hound skeleton (D:7)
  2 howler monkey skeletons
  22 adders
  3 shadow imps
  3 oozes
  2 adder skeletons
  7 worms
  2 dart slugs
  4 leopard geckos
  61 orcs
  8 bats
  6 giant cockroaches
  10 goblins
  12 hobgoblins
  5 jackals
  12 kobolds
  8 quokkas
  2 ball pythons
  2 frilled lizards
  A jackal skeleton (D:4)
  A jackal zombie (D:7)
  14 rats
  A plant (D:4)
366 creatures vanquished.

Vanquished Creatures (others)
  An orc (Orc:2)
  A fungus (D:11)
  5 plants (D:11)
  3 toadstools (D:12)
10 creatures vanquished.

Grand Total: 376 creatures vanquished

Notes
Turn   | Place    | Note
-------+----------+-------------------------------------------
     0 | D:1      | Amnesiac the Vampire Earth Elementalist began the quest for
                  | the Orb.
     0 | D:1      | Reached XP level 1. HP: 13/13 MP: 3/3
   205 | D:1      | Reached XP level 2. HP: 12/19 MP: 5/5
   209 | D:1      | Learned a level 2 spell: Passwall
   288 | D:3      | Found a snail-covered altar of Cheibriados.
   420 | D:3      | Reached XP level 3. HP: 14/24 MP: 1/6
   421 | D:3      | Upgraded the game from 0.25-a0-1113-g0499d652a8 to
                  | 0.25-a0-1119-g28b6fd0c3b
   719 | D:3      | Found a shadowy altar of Dithmenos.
   732 | D:3      | Became a worshipper of Dithmenos the Shadowed
   787 | D:3      | Noticed a phantom
   807 | D:3      | Killed a phantom
   807 | D:3      | Reached skill level 5 in Earth Magic
   807 | D:3      | Reached XP level 4. HP: 27/30 MP: 3/8
   807 | D:3      | Reached XP level 5. HP: 31/35 MP: 3/9
   817 | D:3      | Found a glowing drain.
   822 | Sewer    | Entered a sewer
  1145 | Sewer    | HP: 1/35 [big kobold (5)]
  1147 | Sewer    | Reached XP level 6. HP: 2/41 MP: 5/11
  1372 | Sewer    | Reached * piety under Dithmenos
  2349 | D:2      | Reached ** piety under Dithmenos
  2920 | D:3      | Learned a level 5 spell: Lee's Rapid Deconstruction
  2925 | D:3      | Learned a level 4 spell: Petrify
  3094 | D:4      | Reached XP level 7. HP: 31/46 MP: 11/13
  3318 | D:4      | Found a shimmering blue altar of Sif Muna.
  3485 | D:4      | Found a blossoming altar of Fedhas.
  3496 | D:4      | Noticed an oklob plant
  3689 | D:5      | Entered Level 5 of the Dungeon
  3727 | D:5      | Learned a level 3 spell: Stone Arrow
  3778 | D:5      | Reached skill level 5 in Spellcasting
  3899 | D:5      | Found Jelotauh's Antique Armour Shop.
  3992 | D:5      | Noticed Eustachio
  3996 | D:5      | Killed Eustachio
  3996 | D:5      | Reached XP level 8. HP: 52/52 MP: 11/15
  4081 | D:5      | Found a burning altar of Makhleb.
  4084 | D:5      | Found an iron altar of Okawaru.
  4087 | D:5      | Found an opulent altar of Gozag.
  4466 | D:6      | Reached *** piety under Dithmenos
  4994 | D:7      | Found a staircase to the Ecumenical Temple.
  5226 | D:7      | Found a bloodstained altar of Trog.
  5415 | D:7      | Reached skill level 10 in Earth Magic
  5415 | D:7      | Reached skill level 1 in Short Blades
  5725 | D:7      | Reached XP level 9. HP: 57/57 MP: 18/18
  6257 | D:4      | Killed an oklob plant
  6257 | D:4      | Reached skill level 4 in Stealth
  6340 | D:8      | Noticed a six-headed hydra
  6352 | D:7      | Reached skill level 5 in Short Blades
  6602 | D:8      | Reached skill level 5 in Stealth
  6606 | D:8      | Reached **** piety under Dithmenos
  6650 | D:8      | Reached skill level 6 in Stealth
  6920 | D:5      | Bought a glowing robe for 96 gold pieces
  6920 | D:5      | Bought a pair of glowing boots for 195 gold pieces
  6937 | D:5      | Identified a +0 pair of boots of running (You bought it in
                  | a shop on level 5 of the Dungeon)
  7028 | D:8      | Reached skill level 7 in Stealth
  7030 | D:8      | Reached XP level 10. HP: 17/63 MP: 2/19
  7167 | D:8      | Got a crystal rapier
  7168 | D:8      | Identified the +4 rapier of Fortitude {drain, rElec} (You
                  | found it on level 8 of the Dungeon)
  7177 | D:8      | Killed a six-headed hydra
  7177 | D:8      | Reached skill level 8 in Stealth
  7393 | D:9      | Noticed Joseph
  7434 | D:9      | Killed Joseph
  7630 | D:9      | Noticed Maurice
  7635 | D:9      | Killed Maurice
  7635 | D:9      | Reached skill level 5 in Dodging
  7858 | D:9      | Found a white marble altar of Elyvilon.
  8208 | D:9      | Learned a level 2 spell: Blink
  8212 | D:9      | Learned a level 3 spell: Mephitic Cloud
  8215 | D:9      | Learned a level 2 spell: Call Imp
  8243 | D:10     | Entered Level 10 of the Dungeon
  8246 | D:10     | Reached ***** piety under Dithmenos
  8294 | D:10     | Reached skill level 5 in Fighting
  8421 | D:10     | Noticed an unseen horror
  8437 | D:10     | Killed an unseen horror
  8437 | D:10     | Reached XP level 11. HP: 78/81 MP: 20/20
  8690 | D:10     | Found a staircase to the Lair.
  9165 | D:11     | Noticed a two-headed ogre
  9200 | D:11     | Killed a two-headed ogre
  9262 | D:11     | Noticed a brown ugly thing
  9277 | D:11     | Killed a brown ugly thing
  9451 | D:11     | Noticed a cyan ugly thing
  9451 | D:11     | Noticed a brown ugly thing
  9464 | D:11     | Killed a brown ugly thing
  9470 | D:11     | Killed a cyan ugly thing
  9660 | D:11     | Found a runed translucent door.
  9661 | D:11     | Noticed Thantalas's ghost (novice MfBe)
  9663 | D:11     | Identified the +11 spear "Eteoh Jajua" {vorpal, rF+ rC+ rN+
                  | MR+}
  9664 | D:11     | Noticed a spriggan rider
  9914 | D:11     | Found a runed translucent door.
  9928 | D:11     | Found a runed translucent door.
 10073 | D:11     | Killed a spriggan rider
 10077 | D:11     | Killed Thantalas's ghost
 10151 | D:12     | Found a staircase to the Orcish Mines.
 10153 | D:12     | Found Rivaghio's Armour Shop.
 10160 | D:12     | Noticed a deep elf mage
 10161 | D:12     | Reached ****** piety under Dithmenos
 10161 | D:12     | Reached skill level 10 in Dodging
 10161 | D:12     | Reached skill level 9 in Stealth
 10178 | D:12     | Noticed a soul eater
 10190 | D:12     | Killed a deep elf mage
 10194 | D:12     | Reached skill level 10 in Stealth
 10398 | D:12     | Noticed Nessos
 10405 | D:12     | Killed Nessos
 10405 | D:12     | Reached skill level 11 in Stealth
 10405 | D:12     | Reached XP level 12. HP: 92/92 MP: 21/21
 10406 | D:12     | Found a runed translucent door.
 10409 | D:12     | Noticed a centaur warrior
 10410 | D:12     | Noticed Nouletel's ghost (journeyman FoAK)
 10483 | D:12     | Killed a centaur warrior
 10483 | D:12     | Reached skill level 12 in Stealth
 10714 | D:12     | Noticed Erolcha
 10736 | D:12     | Killed Erolcha
 10965 | D:12     | Reached skill level 13 in Stealth
 11007 | Orc:1    | Entered Level 1 of the Orcish Mines
 11009 | Orc:1    | Noticed an orc warlord
 11048 | Orc:1    | Killed an orc warlord
 11048 | Orc:1    | Reached skill level 1 in Invocations
 11048 | Orc:1    | Reached skill level 1 in Evocations
 11675 | Orc:2    | Entered Level 2 of the Orcish Mines
 11745 | Orc:2    | Noticed Azrael
 11758 | Orc:2    | Killed Azrael
 11766 | Orc:2    | Noticed a two-headed ogre
 11766 | Orc:2    | Noticed a two-headed ogre
 11766 | Orc:2    | Noticed an ogre mage
 11766 | Orc:2    | HP: 4/92 [two-headed ogre/+0 giant club (24)]
 11767 | Orc:2    | Noticed a two-headed ogre
 11769 | Orc:2    | Noticed an ogre mage
 11769 | Orc:2    | Noticed a two-headed ogre
 11770 | Orc:2    | Noticed a two-headed ogre
 11772 | Orc:2    | Noticed an ogre mage
 11773 | Orc:2    | Noticed a two-headed ogre
 11774 | Orc:2    | Noticed a two-headed ogre
 11778 | Orc:2    | HP: 4/92 [gnoll/+0 spear (6)]
 11778 | Orc:2    | HP: 1/92 [hell hound[Azrael] (3)]
 11779 | Orc:2    | Slain by a hell hound

Illustrated notes

Levels and vault maps discovered:
D:1:      dpeg_arrival_subterranean_lakeside_camping, layout_loops_ring,
          kennysheep_minor_cross
D:2:      layout_basic, kennysheep_generic_room_5
D:3:      layout_basic, lemuel_doored_altar, lemuel_round_altar,
          portal_sewer_entry_e
D:4:      layout_rooms, tgw_fedhas, lemuel_coloured_pillars_altar,
          kennysheep_generic_room_15
D:5:      layout_cave_pools, grunt_temple_overflow_diamond, first_ration,
          serial_shops, shop_fountains, uniq_eustachio
D:6:      layout_basic, kennysheep_generic_room_8
D:7:      layout_basic, trog_eyes_of_draining, minmay_temple_entry_sparse_star,
          grunt_ogre_cave
D:8:      layout_rooms
D:9:      layout_irregular_city, elyvilon_altar_3, uniq_joseph, uniq_maurice
D:10:     layout_irregular_city, lair_entry_dummy, nrook_campfire
D:11:     lemuel_insect_pit, layout_cave_pods, ebering_ghost_funeral_grove,
          minmay_misc_feat_pillars
D:12:     layout_cave_pools, orc_david_3, ebering_ghost_inner_flame,
          minmay_gold_behind_fungi, nicolae_underground_beach, uniq_erolcha,
          uniq_nessos
Orc:1:    layout_diamond_mine
Orc:2:    st_orc_ogre_mass, layout_diamond_mine, serial_shops, shop,
          abandoned_shop, uniq_azrael

Skill      XL: |  1  2  3  4  5  6  7  8  9 10 11 12 |
---------------+-------------------------------------+-----
Earth Magic    | 5 6 8 10 11 | 11.0
Spellcasting   | 3 4 5 6 |  6.5
Short Blades   | 2 7 8 |  8.0
Stealth        | 7 8 11 13 | 13.9
Fighting       | 5 8 |  8.0
Dodging        | 7 10 | 10.0
Transmutations | 2 |  2.0
Invocations    | 2 |  2.8
Evocations     | 2 |  2.8

Action                   |  1- 3 |  4- 6 |  7- 9 | 10-12 || total
-------------------------+-------+-------+-------+-------++-------
Melee: Spear             |    84 |   190 |       |       ||   274
       Unarmed           |     8 |       |       |       ||     8
       Bite              |     5 |    18 |    17 |    30 ||    70
       Long sword        |       |    91 |    60 |       ||   151
       Dagger            |       |       |   135 |   391 ||   526
       Rapier            |       |       |       |     3 ||     3
Throw: Dart              |       |     3 |       |       ||     3
       Stone             |       |       |     1 |       ||     1
 Cast: Sandblast         |    15 |    28 |    45 |    60 ||   148
       Passwall          |     1 |       |     6 |    21 ||    28
       Lee's Rapid Decon |       |       |    22 |    50 ||    72
       Petrify           |       |       |     6 |    43 ||    49
Evoke: Wand              |       |       |       |     6 ||     6
  Use: Scroll            |     1 |     5 |    11 |     6 ||    23
       Potion            |       |       |       |     6 ||     6
 Stab: Sleeping          |     9 |    17 |    17 |    36 ||    79
       Distracted        |     1 |       |       |     3 ||     4
       Petrified         |       |       |     3 |    29 ||    32
       Petrifying        |       |       |       |     9 ||     9
Armor: Robe              |     3 |    33 |    41 |    19 ||    96
       Troll leather arm |       |       |       |    43 ||    43
       Skin              |       |       |       |    50 ||    50
Dodge: Dodged            |    35 |   205 |   176 |   294 ||   710
       Rpst.: Long sword |       |    26 |    22 |       ||    48

Table legend:
 A = Non-vault XP
 B = Vault XP
 C = Vault XP percentage of total XP
 D = Non-vault monster count
 E = Vault monster count
 F = Vault count percentage of total count
                 A         B        C        D         E       F
            +---------+---------+-------+---------+---------+-------
      Total |   23400 |   10369 |  30.7 |     312 |      53 |  14.5
            +---------+---------+-------+---------+---------+-------
        D:1 |      42 |      10 |  19.2 |      23 |       6 |  20.7
        D:2 |     182 |       0 |   0.0 |      19 |       0 |   0.0
        D:3 |     217 |       0 |   0.0 |      28 |       0 |   0.0
        D:4 |     250 |     696 |  73.6 |      15 |       3 |  16.7
        D:5 |     168 |     188 |  52.8 |      15 |       1 |   6.2
        D:6 |     372 |       0 |   0.0 |      10 |       0 |   0.0
        D:7 |    1064 |     245 |  18.7 |      23 |       4 |  14.8
        D:8 |    3313 |       0 |   0.0 |      39 |       0 |   0.0
        D:9 |    1071 |     953 |  47.1 |      15 |       2 |  11.8
       D:10 |    3145 |       0 |   0.0 |      39 |       0 |   0.0
       D:11 |    4699 |    2463 |  34.4 |      31 |       6 |  16.2
       D:12 |    2193 |    4117 |  65.2 |      16 |      12 |  42.9
      Orc:1 |    6394 |       0 |   0.0 |      38 |       0 |   0.0
      Orc:2 |     290 |    1428 |  83.1 |       1 |       2 |  66.7
      Sewer |       0 |     269 | 100.0 |       0 |      17 | 100.0
            +---------+---------+-------+---------+---------+-------
